 Dungeon Crawl Stone Soup version 0.30.0-5-g1a98f26d00 (webtiles) character file.

Game seed: 10339600506228240426

7010 hawla the Impaler (level 11, -11/75 HPs)
             Began as a Meteoran Fire Elementalist on May 12, 2023.
             Was a Believer of Vehumet.
             Mangled by a death yak (13 damage)
             ... on level 3 of the Lair of Beasts.
             The game lasted 00:20:49 (3630 turns).

hawla the Impaler (Meteoran Fire Elementalist)      Turns: 3630, Time: 00:20:50

Health: -11/75     AC:  7    Str: 10    XL:     11   Next: 53%
Magic:  15/21      EV: 18    Int: 27    God:    Vehumet [**....]
Gold:   184        SH:  0    Dex: 15    Spells: 13/22 levels left

rFire   . . .        h - +0 scythe
rCold   . . .        (shield currently unavailable)
rNeg    . . .        a - +1 robe
rPois   .            e - +0 helmet
rElec   .            (no cloak)
rCorr   .            C - +2 pair of gloves
SInv    .            (no boots)
Will    +....        (no amulet)
Stlth   +            w - +6 ring of intelligence
HPRegen 0.32/turn    i - +5 ring of evasion
MPRegen 0.17/turn

%: no passive effects
@: lethally poisoned (-11 -> -27), on blink cooldown, glowing
A: sense surroundings 2, otherworldly, glowing, explore regen
a: Renounce Religion


You were on level 3 of the Lair of Beasts.
You worshipped Vehumet.
Vehumet was pleased with you.
You visited 3 branches of the dungeon, and saw 12 of its levels.
You also visited: Sewer and Ossuary.

You collected 401 gold pieces.
You spent 217 gold pieces at shops.

Inventory:

Hand Weapons
 h - a +0 scythe (weapon)
Armour
 a - a +1 robe (worn)
 e - a +0 helmet (worn)
 C - a +2 pair of gloves (worn)
Magical Staves
 b - a staff of conjuration
Jewellery
 c - a ring of see invisible
 d - a ring of flight
 i - a +5 ring of evasion (right hand)
 w - a +6 ring of intelligence (left hand)
Wands
 x - a wand of mindburst (6)
 A - a wand of digging (2)
 D - a wand of paralysis (2)
Scrolls
 r - 7 scrolls of identify
 s - a scroll of amnesia
 u - 2 scrolls of fog
 v - 3 scrolls of teleportation {unknown}
 y - a scroll of magic mapping {unknown}
 B - 4 scrolls of immolation {unknown}
Potions
 f - 7 potions of curing {unknown}
 j - 2 potions of berserk rage {unknown}
 k - a potion of heal wounds
 l - 2 potions of degeneration {unknown}
 m - 2 potions of flight {unknown}
 n - a potion of lignification {unknown}
 o - 3 potions of mutation {unknown}
 p - a potion of haste {unknown}
 q - 6 potions of might {unknown}
 t - a potion of brilliance {unknown}
 z - a potion of attraction {unknown}


   Skills:
 + Level 0.8 Fighting
 + Level 16.3 Polearms
 + Level 3.7 Dodging
 - Level 1.4 Stealth
 + Level 6.0 Spellcasting
 + Level 6.3 Conjurations
 + Level 7.1 Fire Magic


You had 13 spell levels left.
You knew the following spells:

 Your Spells              Type           Power      Damage    Failure   Level
a - Foxfire               Conj/Fire      100%       2x1d9     1%          1
b - Scorch                Fire           92%        2d9       1%          2
c - Flame Wave            Conj/Fire      44%        2d11      4%          4
d - Blink                 Tloc           16%        N/A       10%         2

Your spell library contained the following spells:

 Spells                   Type           Power      Damage    Failure   Level
 Searing Ray              Conj           84%        2d7       1%          2
 Momentum Strike          Conj/Tloc      50%        3d9       2%          2
 Inner Flame              Hex/Fire       27%        N/A       4%          3
 Volatile Blastmotes      Fire/Tloc      54%        2d14      4%          3
 Dazzling Flash           Conj/Hex       50%        N/A       5%          3
 Necrotise                Necr           32%        1d5       6%          1
 Slow                     Hex            32%        N/A       6%          1
 Lesser Beckoning         Tloc           16%        N/A       10%         2
 Confusing Touch          Hex            8%         N/A       19%         3
 Teleport Other           Tloc           8%         N/A       19%         3
 Vampiric Draining        Necr           8%         2d6       19%         3
 Agony                    Necr           8%         N/A       87%         5
 Silence                  Hex/Air        4%         N/A       87%         5
 Simulacrum               Ice/Necr       4%         N/A       100%        6


Dungeon Overview and Level Annotations

Branches:
Dungeon (8/15) Zot: 2138   Temple (1/1) D:4 Zot: 507    Lair (3/5) D:8 Zot: 1343
  Swamp (0/4) Lair:3        Snake (0/4) Lair:3        Sewer (visited)
Ossuary (visited)

Altars:
Dithmenos
Fedhas
Nemelex Xobeh
Sif Muna
Uskayaw
Vehumet
Wu Jian
Xom

Shops:
D:6 =*


Innate Abilities, Weirdness & Mutations

You passively map the area around you.
You are easily found by Zot.
You glow in the dark.
You regain HP and MP as you explore.


Message History

The death yak is engulfed in poison gas.
The death yak is poisoned.
The death yak is engulfed in poison gas.
The death yak is poisoned.
The death yak gores you!
A wave of flame ripples out!
The flame wave engulfs the death yak!
The death yak is moderately wounded.
The flame wave engulfs the death yak but does no damage.
The death yak is lightly wounded.
The flame wave engulfs the death yak!
The death yak is heavily wounded.
The flame wave engulfs the death yak!
The death yak is lightly wounded.
You hear a chilling moan.
The komodo dragon is engulfed in poison gas.
The komodo dragon looks even sicker.
The death yak is engulfed in poison gas.
The death yak looks even sicker.
The death yak is engulfed in poison gas.
The death yak looks even sicker.
The death yak gores you!
The death yak gores you but does no damage.
The death yak is engulfed in poison gas.
The death yak looks even sicker.
The death yak gores you!!
* * * LOW HITPOINT WARNING * * *
The death yak is engulfed in poison gas.
The death yak looks even sicker.
Casting: Flame Wave (dangerous; 4% risk of failure)
Confirm with . or Enter, or press ? or * to list all spells.
You blink.
You are engulfed in poison gas.
You are lethally poisoned!
* * * LOW HITPOINT WARNING * * *
x2 You feel very sick.
The komodo dragon is engulfed in poison gas.
The komodo dragon looks even sicker.
The death yak is engulfed in poison gas.
The death yak looks even sicker.
The death yak is engulfed in poison gas.
The death yak looks even sicker.
The death yak is engulfed in poison gas.
The death yak looks even sicker.
The death yak gores you!
You die...

,* , , * , , ,,, > , *
..... ** , ,* ..... * * *
, , ,, ..§§§§§+ ,* , ,
,##.§§§§§# * ,* ,, * , ,
,,,, #..§§§§§## , * , ,,.
##.§§§§§P# * § ,,,
.#..§§§§§§#######§§, *
,....§§§§§§@§§§§§§§§, *
#..######.§§§§§YY§l§§§§§§
,
P.#.#P##P.§§§§§.YY§§§§.§§
,,, ,
..........§.§§§§Y§§§§§§§§
..........§§§.§§§§§§§§§§§
,, ,
).........§N§§§§§§§§§§§§§
....#..#..§§§##§##§§§§§§§
, ,
.#..P.#.#.§§.####*###§§§§
*** * ...YY.....§.## * *
#§§§ , ,


You could see 5 death yaks, a komodo dragon (very poisoned) and a naga.

Vanquished Creatures
  3 cane toads
  3 komodo dragons
  A polar bear (Lair:3)
  Grinder (D:4)
  7 blink frogs (Lair:1)
  Sigmund (D:3)
  8 yaks
  A steam dragon (D:6)
  A naga (Lair:3)
  3 water moccasins
  2 black bears (D:6)
  2 ice beasts
  3 wolves (Lair:3)
  A centaur (D:6)
  2 phantoms (D:6)
  2 bullfrogs
  A scorpion (D:6)
  3 wights (D:8)
  A howler monkey (D:8)
  6 hounds
  An orc priest (D:4)
  5 iguanas
  2 orc wizards (D:4)
  4 mummies
  4 gnolls (D:4)
  8 adders
  A river rat (Sewer)
  A white imp (D:6)
  An ufetubus (D:4)
  2 adder zombies (Ossuary)
  A worm (D:5)
  3 dart slugs
  13 orcs
  4 bats (D:3)
  7 endoplasms
  A giant cockroach (D:3)
  5 goblins
  3 hobgoblins
  3 ball pythons
  7 frilled lizards
  A gnoll zombie (Ossuary)
  A goblin zombie (Ossuary)
  2 hobgoblin zombies (Ossuary)
  A kobold (D:3)
  4 kobold zombies (Ossuary)
  An orc zombie (Ossuary)
  2 quokka zombies (Ossuary)
  6 rats
  5 rat zombies (Ossuary)
151 creatures vanquished.

Vanquished Creatures (others)
  An orc (D:6)
  217 foxfires
218 creatures vanquished.

Grand Total: 369 creatures vanquished

Notes
Turn   | Place    | Note
-------+----------+-------------------------------------------
     0 | D:1      | hawla the Meteoran Fire Elementalist began the quest for
                  | the Orb.
     0 | D:1      | Reached XP level 1. HP: 14/14 MP: 5/5
   205 | D:1      | Reached XP level 2. HP: 20/20 MP: 2/6
   228 | D:2      | Learned a level 2 spell: Scorch
   313 | D:3      | Reached XP level 3. HP: 21/26 MP: 4/8
   446 | D:4      | Reached XP level 4. HP: 33/33 MP: 5/10
   446 | D:4      | Noticed a scorpion
   468 | D:3      | Reached skill level 5 in Fire Magic
   468 | D:3      | Reached XP level 5. HP: 31/38 MP: 0/11
   488 | D:3      | Noticed Sigmund
   495 | D:3      | Killed Sigmund
   496 | D:3      | Reached XP level 6. HP: 45/45 MP: 1/14
   531 | D:3      | Learned a level 4 spell: Flame Wave
   543 | D:4      | Reached XP level 7. HP: 51/51 MP: 6/15
   544 | D:4      | Noticed Grinder
   549 | D:4      | Found a sand-covered staircase.
   555 | Ossuary  | Entered an ossuary
   701 | D:4      | Reached skill level 1 in Polearms
   704 | D:4      | Killed Grinder
   705 | D:4      | Reached skill level 3 in Polearms
   705 | D:4      | Reached skill level 5 in Conjurations
   705 | D:4      | Reached XP level 8. HP: 24/58 MP: 5/16
   708 | D:4      | Learned a level 2 spell: Blink
   723 | D:4      | Reached skill level 4 in Polearms
  1030 | D:4      | Found a staircase to the Ecumenical Temple.
  1135 | Temple   | Entered the Ecumenical Temple
  1190 | Temple   | Became a worshipper of Vehumet
  1238 | D:5      | Entered Level 5 of the Dungeon
  1316 | D:5      | Reached skill level 5 in Polearms
  1500 | D:5      | Reached skill level 6 in Polearms
  1593 | D:5      | Found a glowing drain.
  1606 | Sewer    | Entered a sewer
  2074 | D:6      | Reached skill level 7 in Polearms
  2113 | D:6      | Found Pasoaxue's Gadget Gallery.
  2120 | D:6      | Bought a wand of digging (2) for 117 gold pieces
  2169 | D:6      | Gained mutation: You passively map the area around you.
                  | [Meteoran growth]
  2169 | D:6      | Reached XP level 9. HP: 63/63 MP: 8/17
  2183 | D:6      | Reached skill level 8 in Polearms
  2239 | D:6      | Reached * piety under Vehumet
  2239 | D:6      | Offered knowledge of Freeze by Vehumet.
  2377 | D:6      | Found Qaogeb's Jewellery Shoppe.
  2507 | D:6      | Reached skill level 9 in Polearms
  2568 | D:6      | Reached skill level 10 in Polearms
  2985 | D:6      | Bought a wand of paralysis (3) for 100 gold pieces
  3093 | D:8      | Got the Octavo of the Excursion and Evil
  3142 | D:8      | Noticed a komodo dragon
  3143 | D:8      | Found a staircase to the Lair.
  3155 | D:8      | Killed a komodo dragon
  3156 | D:8      | Reached skill level 11 in Polearms
  3156 | D:8      | Reached XP level 10. HP: 19/70 MP: 9/18
  3173 | Lair:1   | Entered Level 1 of the Lair of Beasts
  3180 | Lair:1   | Reached skill level 12 in Polearms
  3188 | Lair:1   | Reached skill level 13 in Polearms
  3193 | Lair:1   | Noticed a cane toad
  3207 | Lair:1   | Killed a cane toad
  3235 | Lair:1   | Reached skill level 14 in Polearms
  3309 | Lair:1   | Offered knowledge of Searing Ray by Vehumet.
  3310 | Lair:1   | Reached skill level 15 in Polearms
  3310 | Lair:1   | Reached XP level 11. HP: 75/75 MP: 9/19
  3341 | Lair:1   | Reached ** piety under Vehumet
  3414 | Lair:2   | Identified the +4 dagger "Obuhejic" {flame, Will++ Dex+4
                  | SInv}
  3420 | Lair:2   | Reached skill level 16 in Polearms
  3515 | Lair:3   | Found a staircase to the Snake Pit.
  3521 | Lair:3   | Reached skill level 5 in Spellcasting
  3601 | Lair:3   | Noticed a death yak
  3602 | Lair:3   | Noticed a death yak
  3603 | Lair:3   | Noticed a death yak
  3605 | Lair:3   | Noticed a death yak
  3606 | Lair:3   | Noticed a death yak
  3630 | Lair:3   | HP: 2/75 [poisoned by you (poison gas)]
  3630 | Lair:3   | Mangled by a death yak

Illustrated notes

Levels and vault maps discovered:
D:1:      sevenhm_arrival_forest_fort_small_6, layout_basic, chequers_arboretum
D:2:      layout_basic, nicolae_grassy_gnolls
D:3:      layout_basic, uniq_sigmund
D:4:      layout_basic, minmay_temple_entry_large_hall,
          gup_ossuary_entry_pyramid, minmay_ruptured, uniq_grinder
D:5:      layout_gridville, cheibrodos_sewer_entry_bend, chequers_avenue,
          minmay_misc_feat_columns
D:6:      layout_basic, serial_shops, shop, hangedman_decor_slide_cut,
          nicolae_shop_gadgets
D:7:      layout_gridville
D:8:      layout_rooms, david_lair_shrubbed, minivault_11,
          nicolae_nh_oracle_at_delphi
Temple:   mainiacjoe_temple_hex_bubbles
Lair:1:   hellmonk_ruined_rings, layout_regular_city, uniq_sonja
Lair:2:   layout_big_grid, grunt_megastairs_1
Lair:3:   layout_regular_city, minmay_swamp_entry_wisps,
          guppyfry_snake_entry_island

Skill      XL: |  1  2  3  4  5  6  7  8  9 10 11 |
---------------+----------------------------------+-----
Fire Magic     | 4 5 6 7 |  7.1
Spellcasting   | 3 4 6 |  6.0
Dodging        | 3 |  3.7
Conjurations   | 2 3 5 6 |  6.3
Polearms       | 3 7 11 15 16 | 16.3
Fighting       | |  0.8
Stealth        | |  1.4

Action                     |  1- 3 |  4- 6 |  7- 9 | 10-12 || total
---------------------------+-------+-------+-------+-------++-------
  Melee: Unarmed           |     3 |     3 |       |       ||     6
         Halberd           |       |       |    91 |     2 ||    93
   Cast: Foxfire           |    25 |    14 |    56 |    34 ||   129
         Scorch            |     5 |     3 |    64 |    28 ||   100
         Flame Wave        |       |     1 |     7 |    15 ||    23
         Blink             |       |       |       |     3 ||     3
  Evoke: Wand              |       |       |       |     1 ||     1
    Use: Scroll            |     2 |       |     5 |     4 ||    11
         Potion            |       |       |     2 |     2 ||     4
 Armour: Robe              |       |     8 |    21 |    18 ||    47
  Dodge: Dodged            |     3 |     8 |   109 |    51 ||   171
